Selects Advanced Infantry Battlegroup
Construct Medical Station
Selects Ammunition Storage
Selects M2A1 105mm Howitzer Emplacement
Selects Convert to Ranger Squad
Selects Frontline Medical Station
Selects Ranger Weapon Training
M18 Hellcat Tank Destroyer
M18 Hellcat Tank Destroyer
Construct Weapon Support Center
M18 Hellcat Tank Destroyer
M18 Hellcat Tank Destroyer
M18 Hellcat Tank Destroyer
M18 Hellcat Tank Destroyer
M18 Hellcat Tank Destroyer
M18 Hellcat Tank Destroyer